 Dungeon Crawl Stone Soup version 0.30-a0-808-g6e0788376e (webtiles) character file.

Game seed: 8967966365053642028

23660 Pooter the Fighter (level 12, -3/117 HPs)
             Began as a Minotaur Berserker on Feb 25, 2023.
             Was a High Priest of Trog.
             Slain by an orc warrior
             ... wielding a +0 trident
              (15 damage)
             ... on level 2 of the Orcish Mines on Feb 26, 2023.
             The game lasted 01:09:20 (13365 turns).

Pooter the Fighter (Minotaur Berserker)            Turns: 13365, Time: 01:09:21

Health: -3/117     AC: 22    Str: 25    XL:     12   Next: 73%
Magic:  11/11      EV:  8    Int:  4    God:    Trog [*****.]
Gold:   1589       SH:  0    Dex: 12    Spells: 11/11 levels left

rFire   . . .      SeeInvis .    a - +9 falchion "Yghag" {spect, rC+}
rCold   + + .      Faith    .    (no shield)
rNeg    . . .      Spirit   .    s - +2 plate armour
rPois   .          Reflect  .    (helmet restricted)
rElec   .          Harm     .    w - +0 cloak
rCorr   .          Rampage  .    o - +0 pair of gloves
Will    ++...                    (no boots)
Stlth   x                          - amulet of regeneration
HPRegen 2.19/turn                I - ring of protection from cold
MPRegen 0.12/turn                i - +4 ring of protection

@: strong-willed, regenerating
A: horns 2, retaliatory headbutt
a: Renounce Religion, Berserk, Trog's Hand, Brothers in Arms


You were on level 2 of the Orcish Mines.
You worshipped Trog.
Trog was extremely pleased with you.
You visited 2 branches of the dungeon, and saw 12 of its levels.
You also visited: Sewer and Ice Cave.

You collected 1589 gold pieces.

Inventory:

Hand Weapons
 a - the +9 falchion "Yghag" (weapon) {spect, rC+}
   (You found it on level 3 of the Dungeon)

   rC:        It protects you from cold.
 b - a +0 arbalest
   (You took it off an orc warrior on level 10 of the Dungeon)
 f - a -1 demon whip of venom
   (You took it off Amaemon on level 9 of the Dungeon)
 q - a +1 halberd of freezing
   (You found it in an ice cave)
 r - a +0 dire flail
   (You took it off an orc warrior on level 1 of the Orcish Mines)
 y - a +5 morningstar
   (You took it off a wight on level 5 of the Dungeon)
 C - a +2 broad axe of holy wrath
   (You took it off an orc warrior on level 1 of the Orcish Mines)
 G - a +0 battleaxe
   (You took it off an orc knight on level 2 of the Orcish Mines)
 L - a +5 scimitar of freezing
   (You took it off a wight on level 8 of the Dungeon)
 M - a +2 scimitar of flaming
   (You took it off Azrael on level 2 of the Orcish Mines)
 O - a +2 flail of holy wrath
   (You took it off an orc on level 8 of the Dungeon)
Missiles
 j - 3 silver javelins
 m - 26 poisoned darts (quivered)
 z - 13 boomerangs
 E - 2 throwing nets {!f}
 H - 2 boomerangs of dispersal {!f}
 J - a curare-tipped dart
 Q - 117 stones
Armour
 o - a +0 pair of gloves (worn)
   (You found it on level 2 of the Dungeon)
 s - a +2 plate armour (worn)
   (You found it on level 4 of the Dungeon)
 w - a +0 cloak (worn)
   (You found it on level 5 of the Dungeon)
 N - a +0 kite shield
   (You took it off a gnoll sergeant on level 8 of the Dungeon)
Jewellery
 i - a +4 ring of protection (right hand)
   (You found it on level 9 of the Dungeon)
 p - a ring of protection from cold
   (You found it on level 9 of the Dungeon)
 x - an amulet of regeneration (around neck)
   (You found it on level 5 of the Dungeon)
 I - a ring of protection from cold (left hand)
   (You found it on level 2 of the Dungeon)
Wands
 l - a wand of charming (6)
   (You found it on level 9 of the Dungeon)
Scrolls
 e - 2 scrolls of fear
 g - 3 scrolls of immolation {!r}
 n - a scroll of noise {!r}
 t - 7 scrolls of teleportation {@r4}
 P - a scroll of vulnerability {unknown}
Potions
 c - 3 potions of heal wounds {@q2}
 d - 2 potions of mutation {unknown}
 h - 2 potions of haste {@q3}
 k - a potion of might {unknown}
 u - 4 potions of curing {@q1}
 v - a potion of brilliance {unknown}
 A - 2 potions of resistance {unknown}
 B - a potion of magic {unknown}
 D - 2 potions of cancellation {unknown}
 F - 3 potions of attraction {unknown}
 K - 2 potions of lignification {unknown}
Miscellaneous
 R - a phial of floods
   (You found it in an ice cave)


   Skills:
 + Level 14.1 Fighting
 - Level 14.0 Long Blades
 - Level 10.4 Axes
 * Level 10.3 Ranged Weapons
 + Level 8.4 Armour
 - Level 2.1 Dodging


You had 11 spell levels left.
You didn't know any spells.
Your spell library was empty.

Dungeon Overview and Level Annotations

Branches:
Dungeon (10/15)            Temple (0/1) D:5            Lair (0/5) D:9
    Orc (2/2) D:10            Elf (0/3) Orc:2         Sewer (visited)
  IceCv (visited)

Altars:
Gozag
Qazlal
Vehumet
Wu Jian
The Shining One

Shops:
Orc:1 :   Orc:2 *[

Annotations:
D:3 1 runed translucent door, Crazy Yiuf
D:8 3 runed translucent doors, tarna41's ghost, novice MiBe
D:9 1 runed translucent door


Innate Abilities, Weirdness & Mutations

You have a pair of horns on your head.
You reflexively headbutt those who attack you in melee.


Message History

You hear a shout!
An orc comes into view. It is wielding a +0 mace.
The orc shouts!
The orc knight roars a battlecry!
The orcs go into a battle-frenzy!
The orc warrior shoots a bolt.
The bolt hits you but does no damage.
There is an open door here.
You hit the orc warrior. Your headbutt misses the orc warrior.
Your +9 falchion "Yghag" {spect, rC+} hits the orc warrior!
The orc warrior completely misses your +9 falchion "Yghag" {spect, rC+}.
The orc warrior hits you with a +0 battleaxe!
The orc knight hits your +9 falchion "Yghag" {spect, rC+} with a +0 battleaxe!!
Your spectral weapon shares its damage with you!
Your +9 falchion "Yghag" {spect, rC+} fades away.
The orc warrior shoots a bolt.
The bolt hits you but does no damage.
You closely miss the orc warrior. Your headbutt misses the orc warrior.
Your +9 falchion "Yghag" {spect, rC+} hits the orc warrior!
You kill the orc warrior!
Trog accepts your kill.
The orc knight roars a battlecry!
The orc goes into a battle-frenzy!
Your skin crawls.
You feel strong-willed.
The orc warrior shoots a bolt.
The bolt hits you but does no damage.
You closely miss the orc knight.
Your +9 falchion "Yghag" {spect, rC+} hits the orc knight!!
The orc warrior shoots a bolt.
The bolt closely misses you.
You slash the orc knight! Your headbutt misses the orc knight.
Your +9 falchion "Yghag" {spect, rC+} hits the orc knight!!
The orc knight hits your +9 falchion "Yghag" {spect, rC+} with a +0 battleaxe!
Your spectral weapon shares its damage with you!
The orc knight barely misses you.
The orc warrior shoots a bolt.
The bolt closely misses you.
The orc knight attacks as you move away!
The orc knight hits you with a +0 great mace!!
The orc knight shouts!
The orc knight barely misses you. You furiously retaliate!
You headbutt the orc knight, but do no damage.
The orc warrior unwields a +0 arbalest.
The orc warrior wields a +0 trident.
The orc warrior hits you but does no damage.
You slash the orc warrior!
Your +9 falchion "Yghag" {spect, rC+} hits the orc warrior!
You hit the orc warrior.
Your +9 falchion "Yghag" {spect, rC+} barely misses the orc warrior.
The orc knight hits you with a +0 great mace!!!
* * * LOW HITPOINT WARNING * * *
The orc knight hits you with a +0 battleaxe!!
* * * LOW HITPOINT WARNING * * *
The orc warrior hits you with a +0 trident!
You die...

......### ...^.#..#####
###################.....#....#[.#
............................#))..
...........................)))...
###.#######..######........).....
# #.# #..#...∩#......)..)....
###.#######..#.§.(#......)....#..
.............#.o@o#.....##.......
....###.###..##o###....####....#.
.⌠..# #............#.........
....# #.# #.###o###).............
###.# #.# #.# .oo.#..............
..#...... ..# .o..#......)#).....
..#.###.###.#.....#....).........
..#.# #.# #.#....∩#..............
###.###.###.#######..)...........


You could see 3 orc knights, 2 orc warriors, an orc (strong) and a friendly +9
falchion "Yghag" {spect, rC+} (summoned).

Vanquished Creatures
  A reaper (IceCv)
  Azrael (Orc:2)
  An ettin (Orc:1)
  Erolcha (D:9)
  A two-headed ogre (Orc:1)
  2 orc high priests (Orc:1)
  Amaemon (D:9)
  3 orc knights (Orc:2)
  4 orc sorcerers
  A cyclops (Orc:1)
  2 ice statues (IceCv)
  An orange demon (D:9)
  A komodo dragon (D:9)
  2 anaconda simulacra (IceCv)
  7 ice devils
  A freezing wraith (IceCv)
  2 trolls (Orc:1)
  A hornet (D:9)
  A vampire (D:8)
  3 fire elementals (Orc:2)
  A wyvern (D:9)
  11 yaks
  2 steam dragons
  2 death yak simulacra (IceCv)
  6 wargs
  A water moccasin (D:5)
  3 hell hounds (Orc:2)
  2 black bears
  A sky beast (D:6)
  30 orc warriors
  An ice beast (D:7)
  An ogre (Orc:2)
  2 centaurs
  2 kobold brigands
  A phantom (D:5)
  3 necrophages
  5 bullfrogs
  A cane toad simulacrum (IceCv)
  A gnoll sergeant (D:8)
  2 scorpions (D:6)
  A two-headed ogre simulacrum (IceCv)
  15 wights
  12 killer bees
  A crimson imp (D:9)
  4 hounds
  11 orc priests
  Jessica (D:2)
  2 gnoll boudas
  4 iguanas
  13 orc wizards
  2 troll simulacra (IceCv)
  A polar bear simulacrum (IceCv)
  A spriggan simulacrum (IceCv)
  A wolf simulacrum (IceCv)
  Robin (D:4)
  11 gnolls
  A naga simulacrum (IceCv)
  7 adders
  3 shadow imps
  8 white imps
  5 ufetubi
  A worm (D:6)
  A dart slug (D:3)
  66 orcs
  6 bats
  14 endoplasms
  5 giant cockroaches
  11 goblins
  5 hobgoblins
  A jackal (D:1)
  2 quokkas
  8 ball pythons
  7 frilled lizards
  23 kobolds
  7 rats
377 creatures vanquished.

Vanquished Creatures (others)
  7 fungi (D:5)
  5 plants
12 creatures vanquished.

Grand Total: 389 creatures vanquished

Notes
Turn   | Place    | Note
-------+----------+-------------------------------------------
     0 | D:1      | Pooter the Minotaur Berserker began the quest for the Orb.
     0 | D:1      | Reached XP level 1. HP: 19/19 MP: 0/0
   241 | D:1      | Reached XP level 2. HP: 23/27 MP: 1/1
   684 | D:2      | Reached XP level 3. HP: 33/33 MP: 2/2
   940 | D:2      | Noticed Jessica
   946 | D:2      | Killed Jessica
   947 | D:2      | Reached skill level 5 in Axes
  1137 | D:2      | Reached XP level 4. HP: 41/41 MP: 3/3
  1372 | D:3      | You fall into a shaft and drop 1 floor!
  1395 | D:4      | Reached ** piety under Trog
  1402 | D:4      | Noticed Robin
  1409 | D:4      | Killed Robin
  1649 | D:4      | Reached skill level 5 in Fighting
  1649 | D:4      | Reached XP level 5. HP: 44/48 MP: 4/4
  1922 | D:3      | Identified the +9 falchion "Yghag" {spect, rC+}
  1984 | D:3      | Found an ornate altar of the Wu Jian Council.
  2024 | D:3      | Found a faded altar of an unknown god.
  2063 | D:3      | Found a runed translucent door.
  2064 | D:3      | Noticed Crazy Yiuf
  2379 | D:4      | Reached skill level 1 in Long Blades
  2927 | D:5      | Entered Level 5 of the Dungeon
  2965 | D:5      | Noticed a phantom
  2971 | D:5      | Killed a phantom
  2972 | D:5      | Reached XP level 6. HP: 53/56 MP: 5/5
  3053 | D:5      | Noticed a water moccasin
  3065 | D:5      | Killed a water moccasin
  3093 | D:5      | Reached XP level 7. HP: 60/62 MP: 6/6
  3142 | D:5      | Reached *** piety under Trog
  3142 | D:5      | HP: 3/61 [wight/+0 halberd (9)]
  3672 | D:5      | Found a staircase to the Ecumenical Temple.
  3910 | D:6      | Reached XP level 8. HP: 69/71 MP: 7/7
  3944 | D:6      | Found a glowing drain.
  3963 | Sewer    | Entered a sewer
  4413 | D:6      | Found a glowing golden altar of the Shining One.
  4413 | D:6      | Found a stormy altar of Qazlal.
  4417 | D:6      | Reached skill level 5 in Long Blades
  4430 | D:6      | Reached **** piety under Trog
  4510 | D:6      | Reached skill level 10 in Axes
  4716 | D:7      | Reached XP level 9. HP: 81/81 MP: 8/8
  5228 | D:8      | Reached skill level 10 in Long Blades
  5401 | D:8      | Found a radiant altar of Vehumet.
  5432 | D:8      | Reached ***** piety under Trog
  5433 | D:8      | Reached skill level 10 in Fighting
  5601 | D:8      | Reached XP level 10. HP: 86/93 MP: 9/9
  5620 | D:8      | Found a runed translucent gate.
  5620 | D:8      | Found a runed translucent gate.
  5620 | D:8      | Found a runed translucent gate.
  5636 | D:8      | Found an opulent altar of Gozag.
  5637 | D:8      | Noticed tarna41's ghost (novice MiBe)
  5637 | D:8      | Noticed a centaur warrior
  5637 | D:8      | Noticed a centaur warrior
  6236 | D:9      | Found a runed translucent door.
  6292 | D:9      | Noticed a deep elf pyromancer
  6605 | D:9      | Noticed an orange demon
  6616 | D:9      | Noticed Amaemon
  6625 | D:9      | Killed Amaemon
  6631 | D:9      | Killed an orange demon
  6926 | D:9      | Paralysed by a hornet for 1 turns
  7040 | D:9      | Found a staircase to the Lair.
  7119 | D:9      | Noticed Erolcha
  7124 | D:9      | Killed Erolcha
  7503 | D:10     | Entered Level 10 of the Dungeon
  7615 | D:10     | Reached XP level 11. HP: 101/104 MP: 10/10
  7749 | D:10     | Found a staircase to the Orcish Mines.
  7775 | Orc:1    | Entered Level 1 of the Orcish Mines
  7928 | Orc:1    | Noticed an orc sorcerer
  7937 | Orc:1    | Killed an orc sorcerer
  7938 | Orc:1    | Reached skill level 1 in Ranged Weapons
  7995 | Orc:1    | Found Ulaig's Book Emporium.
  7995 | Orc:1    | Noticed an orc high priest
  8014 | Orc:1    | Noticed a sun demon
  8018 | Orc:1    | Noticed an orc sorcerer
  8019 | Orc:1    | Killed an orc high priest
  8022 | Orc:1    | Noticed a two-headed ogre
  8053 | Orc:1    | Killed an orc sorcerer
  8057 | Orc:1    | Killed a two-headed ogre
  9072 | Orc:1    | Noticed an ettin
  9077 | Orc:1    | Killed an ettin
  9078 | Orc:1    | Reached skill level 5 in Ranged Weapons
  9151 | Orc:1    | Noticed an orc sorcerer
  9164 | Orc:1    | Killed an orc sorcerer
  9164 | Orc:1    | Noticed an orc high priest
  9167 | Orc:1    | Killed an orc high priest
  9168 | Orc:1    | Reached skill level 5 in Armour
  9532 | Orc:2    | Entered Level 2 of the Orcish Mines
  9532 | Orc:2    | Found a staircase to the Elven Halls.
  9596 | Orc:2    | Noticed Azrael
  9604 | Orc:2    | Killed Azrael
  9663 | Orc:2    | Found a frozen archway.
  9680 | Orc:2    | Reached XP level 12. HP: 83/115 MP: 11/11
  9704 | IceCv    | Entered an ice cave
  9728 | IceCv    | HP: 4/172 [death yak simulacrum (10)]
 10129 | IceCv    | Noticed a reaper
 10149 | IceCv    | Killed a reaper
 13155 | Orc:2    | Reached skill level 10 in Ranged Weapons
 13356 | Orc:2    | Found Hureu's General Store.
 13356 | Orc:2    | Found Satreumy's Antique Armour Shoppe.
 13365 | Orc:2    | Slain by an orc warrior

Illustrated notes

Levels and vault maps discovered:
D:1:      lemuel_arrival_tunnels, layout_basic, minmay_small_reverse_x
D:2:      layout_rooms, serial_aquarium, aquarium_bridge_square
          [aquarium_subvault_bridge, aquarium_subvault_bridge,
          aquarium_subvault_window, aquarium_subvault_balcony],
          aquarium_window_1, aquarium_window_2, aquarium_window_fake,
          aquarium_window_1, aquarium_view_4, aquarium_balcony_double_1,
          aquarium_pool_split, kennysheep_generic_room_15, uniq_jessica
D:3:      layout_loops_cross, nicolae_wu_jian_glorious_leap,
          basic_ecumenical_altar, kennysheep_generic_room_14,
          uniq_crazy_yiuf_cottage
D:4:      layout_loops_cross, uniq_robin
D:5:      layout_gridville, minmay_temple_entry_ruins,
          dreamdust_mushroom_princess
D:6:      layout_basic, jmf_multi_god_temple, cheibrodos_sewer_entry_sluice,
          minmay_misc_feat_four_crosses
D:7:      layout_gridville, amcnicky_mini_rare_corridor_liquid,
          bh_walls_and_bars
D:8:      layout_loops_cross, nicolae_vehumet_radiance, ebering_ghost_gozag,
          nzn_life_drinkers
D:9:      layout_long_grid, david_lair_shrubbed, minmay_misc_feat_roman,
          minmay_st_funbox, minmay_fire_ice_demons, uniq_amaemon, uniq_erolcha
D:10:     cheibrodos_breeding_chamber, layout_irregular_city, david_orc_2
Orc:1:    layout_caves, guppyfry_orc_lava_fort
Orc:2:    st_orc_town, layout_diamond_mine, portal_ice_cave_demonic_guard,
          uniq_azrael

Skill      XL: |  1  2  3  4  5  6  7  8  9 10 11 12 |
---------------+-------------------------------------+-----
Axes           | 4 5 6 7 9 10 | 10.4
Fighting       | 4 5 6 8 10 11 13 14 | 14.1
Long Blades    | 1 2 4 6 10 13 14 | 14.0
Ranged Weapons | 7 10 | 10.3
Armour         | 6 8 |  8.4
Dodging        | |  2.1

Action                     |  1- 3 |  4- 6 |  7- 9 | 10-12 || total
---------------------------+-------+-------+-------+-------++-------
  Melee: Hand axe          |    48 |       |       |       ||    48
         Headbutt          |     9 |     8 |    31 |    89 ||   137
         Punch             |     1 |       |     2 |     4 ||     7
         Trident           |    14 |    65 |       |       ||    79
         Falchion          |       |    21 |   164 |   281 ||   466
         Scimitar          |       |       |    15 |     2 ||    17
         Demon whip        |       |       |       |     5 ||     5
         Broad axe         |       |       |       |    74 ||    74
   Fire: Sling             |       |     4 |    17 |     7 ||    28
         Arbalest          |       |       |       |   164 ||   164
  Throw: Stone             |       |       |     2 |       ||     2
         Dart              |       |       |       |     2 ||     2
 Invoke: Berserk           |     1 |     2 |     3 |     9 ||    15
         Trog's Hand       |       |     1 |     3 |    21 ||    25
    Use: Scroll            |     3 |     1 |     5 |    10 ||    19
         Potion            |       |       |       |     3 ||     3
   Stab: Distracted        |       |       |     1 |     2 ||     3
 Armour: Animal skin       |     6 |     1 |       |       ||     7
         Scale mail        |       |     6 |       |       ||     6
         Plate armour      |       |    12 |   113 |   232 ||   357
  Dodge: Dodged            |    29 |    26 |    70 |   131 ||   256
  Block: Kite shield       |       |       |       |    13 ||    13

Table legend: (Time is in decaauts)
 A = Elapsed time spent in this place.
 B = Non-inter-level travel time spent in this place.
 C = Inter-level travel time spent in this place.
 D = Time resting spent in this place.
 E = Time spent auto-exploring this place.
 F = Levels seen in this place.
 G = Mean time per level.
                   A        B        C        D        E       F      G
               +--------+--------+--------+--------+--------+-----+--------+
         Total |  13568 |  13355 |    213 |   4652 |   5969 |  14 |  969.1 |
       Dungeon |   7642 |   7463 |    179 |    909 |   5026 |  10 |  764.2 |
  Orcish Mines |   5055 |   5021 |     34 |   3478 |    668 |   2 | 2527.5 |
         Sewer |    251 |    251 |      0 |      7 |    131 |   1 |  251.0 |
      Ice Cave |    619 |    619 |      0 |    257 |    143 |   1 |  619.0 |
               +--------+--------+--------+--------+--------+-----+--------+

Top non-repeatable levels by time:
   Orc:2: 3229 daAuts
   Orc:1: 1826 daAuts
     D:9: 1350 daAuts
     D:4: 1157 daAuts
     D:8: 850 daAuts
     D:5: 764 daAuts
     D:7: 732 daAuts
     D:2: 686 daAuts
     D:1: 677 daAuts
     D:3: 664 daAuts
   IceCv: 619 daAuts
     D:6: 489 daAuts
    D:10: 270 daAuts
   Sewer: 251 daAuts
